 Dungeon Crawl Stone Soup version 0.29.1-1-gd02db6906a (webtiles) character file.

Game seed: 5139208179624739816

98 Zeld the Cudgeller (level 5, -1/46 HPs)
             Began as a Meteoran Fighter on Oct 8, 2022.
             Slain by an iguana (4 damage)
             ... on level 4 of the Dungeon.
             The game lasted 00:01:45 (608 turns).

Zeld the Cudgeller (Meteoran Fighter)                Turns: 608, Time: 00:01:46

Health: -1/46      AC:  7    Str: 20    XL:     5   Next: 21%
Magic:  6/6        EV:  9    Int:  9    God:
Gold:   116        SH:  5    Dex: 13    Spells: 4/4 levels left

rFire   . . .      SeeInvis .   a - +0 flail
rCold   + . .      Faith    .   c - +0 buckler
rNeg    . . .      Spirit   .   b - +0 scale mail
rPois   .          Reflect  .   (no helmet)
rElec   .          Harm     .   (no cloak)
rCorr   .          Rampage  .   (no gloves)
Will    .....                   (no boots)
Stlth   ..........              (no amulet)
HPRegen 0.15/turn               j - ring of protection from cold
MPRegen 0.10/turn               (no ring)

@: glowing
A: sense surroundings 1, otherworldly, glowing, explore regen
a: no special abilities


You were on level 4 of the Dungeon.
You visited 1 branch of the dungeon, and saw 4 of its levels.

You collected 139 gold pieces.
You spent 23 gold pieces at shops.

Inventory:

Hand Weapons
 a - a +0 flail (weapon)
Armour
 b - a +0 scale mail (worn)
 c - a +0 buckler (worn)
Jewellery
 j - a ring of protection from cold (left hand)
Wands
 d - a wand of flame (21)
Scrolls
 e - 2 scrolls of identify {unknown}
 f - a scroll of enchant weapon {unknown}
 i - a scroll of silence {unknown}
 l - a scroll of vulnerability {unknown}
 n - a scroll of fear {unknown}
 p - a scroll of amnesia {unknown}
 r - a scroll of torment {unknown}
Potions
 g - 2 potions of invisibility {unknown}
 h - 2 potions of curing {unknown}
 k - a potion of berserk rage {unknown}
 m - a potion of degeneration {unknown}
 o - a potion of lignification {unknown}
 q - a potion of brilliance {unknown}


   Skills:
 * Level 3.9 Fighting
 * Level 4.4 Maces & Flails
 + Level 4.2 Armour
 + Level 0.4 Dodging
 + Level 4.2 Shields


You had 4 spell levels left.
You didn't know any spells.
Your spell library contained the following spells:

 Spells                   Type           Power      Damage    Failure   Level
 Magic Dart               Conj           0%         1d3       82%         1
 Call Imp                 Summ           0%         N/A       91%         2
 Mephitic Cloud           Conj/Pois/Air  0%         N/A       99%         3
 Fireball                 Conj/Fire      0%         3d3       100%        5
 Starburst                Conj/Fire      0%         6d3       100%        6
 Ignition                 Fire           0%         3d3       100%        8


Dungeon Overview and Level Annotations

Branches:
Dungeon (4/15) Zot: 1771
 Temple: D:4-7

Altars:
Yredelemnul

Shops:
D:3 *   D:4 *


Innate Abilities, Weirdness & Mutations

You passively map a small area around you.
You are easily found by Zot.
You glow in the dark.
You regain HP and MP as you explore.


Message History

The iguana bites you!
You barely miss the iguana.
The iguana is moderately wounded.
The iguana bites you.
You are too injured to fight recklessly!
You are too injured to fight recklessly!
An iguana is nearby!
You hit the iguana.
The iguana is heavily wounded.
The iguana bites you!
* * * LOW HITPOINT WARNING * * *
You barely miss the iguana.
The iguana is heavily wounded.
The iguana barely misses you.
You hit the iguana.
The iguana is severely wounded.
The iguana closely misses you. The iguana bites you.
* * * LOW HITPOINT WARNING * * *
You hit the iguana but do no damage.
The iguana is severely wounded.
You block the iguana's attack.
You completely miss the iguana.
The iguana is severely wounded.
The iguana bites you but does no damage.
You hit the iguana.
The iguana is almost dead.
The iguana bites you.
* * * LOW HITPOINT WARNING * * *
You barely miss the iguana.
The iguana is almost dead.
The iguana bites you.
* * * LOW HITPOINT WARNING * * *
You hit the iguana but do no damage.
The iguana is almost dead.
The iguana closely misses you.
The iguana bites you but does no damage.
You barely miss the iguana.
The iguana is almost dead.
The iguana bites you.
You die...

###### ####....#
#PPP.P#, #P$..P#
#P$..P# *
#####P$.$P# ,
#....PP.PP# *
#......@.## ,
.###......l.#
**,
............#* ,
* ............#
,
............#,,*
, ,
............# *
, .#...!<...#.#
. ####$#####.#
.. #.# #..#


You could see an iguana.

Vanquished Creatures
  Terence (D:2)
  3 gnolls (D:2)
  2 adders
  2 dart slugs
  4 ball pythons
  2 endoplasms
  A giant cockroach (D:1)
  4 goblins
  3 kobolds
  2 quokkas
  2 bats
  A spectral orc (D:3)
27 creatures vanquished.

Vanquished Creatures (others)
  2 fungi (D:4)
2 creatures vanquished.

Grand Total: 29 creatures vanquished

Notes
Turn   | Place    | Note
-------+----------+-------------------------------------------
     0 | D:1      | Zeld the Meteoran Fighter began the quest for the Orb.
     0 | D:1      | Reached XP level 1. HP: 19/19 MP: 2/2
    85 | D:1      | Reached XP level 2. HP: 26/26 MP: 3/3
   191 | D:2      | Noticed Terence
   196 | D:2      | Killed Terence
   197 | D:2      | Reached XP level 3. HP: 6/31 MP: 4/4
   230 | D:2      | Reached XP level 4. HP: 23/40 MP: 5/5
   351 | D:3      | Found Giadoed's General Store.
   421 | D:3      | Found a basalt altar of Yredelemnul.
   447 | D:3      | Reached XP level 5. HP: 44/46 MP: 6/6
   459 | D:4      | Found Pimijame's Assorted Antiques.
   501 | D:4      | Bought a glowing pink potion for 23 gold pieces
   606 | D:4      | HP: 2/46 [iguana (5)]
   608 | D:4      | Slain by an iguana

Illustrated notes

Levels and vault maps discovered:
D:1:      dpeg_arrival_solitude, layout_rooms
D:2:      layout_rooms, kennysheep_generic_room_13, uniq_terence, uniq_sigmund
D:3:      minmay_chambers_of_threes, layout_loops_corners,
          yredelemnul_forgotten_temple_becter, serial_shops,
          nicolae_shop_statue_plus, nicolae_titane, uniq_crazy_yiuf_cottage
D:4:      layout_rooms, amcnicky_altar_gilded, nicolae_tso_swordbearing_angel,
          serial_shops, nicolae_stop_n_shop_2, minmay_gold_behind_fungi,
          uniq_blork_the_orc

Skill      XL: |  1  2  3  4 |
---------------+-------------+-----
Maces & Flails | 3 4 |  4.4
Armour         | 4 |  4.2
Shields        | 4 |  4.2
Fighting       | |  3.9
Dodging        | |  0.4

Action                   |  1- 3 |  4- 6 || total
-------------------------+-------+-------++-------
Melee: Flail             |    28 |    56 ||    84
  Use: Potion            |     1 |       ||     1
Armor: Scale mail        |    10 |    18 ||    28
Dodge: Dodged            |    15 |    19 ||    34
Block: Buckler           |     7 |    11 ||    18
